Match 45749200
Unlisted

Match 45749200
End
Selects Italian Combined Arms Battlegroup
Selects Bersaglieri Squad
Panzerpioneer Squad
Bersaglieri Squad
Bersaglieri Squad
Construct Light Support Kompanie
Bersaglieri Squad
Selects Bersaglieri Bolster
Fire Support Elements
Flakvierling Half-track
Panzerjäger Mechanized Group
Vehicle Survival Package
Selects Breda Model 30 Light Machine Guns
Veteran Squad Leaders
Advanced Field Repairs
Construct Panzerarmee Kommand
Emergency Repair Kits
Walking Stuka Rocket Launcher
Pak 38 Mechanized Group
Armored Reserves
Rapid Advance
Advanced Optics
Selects Semovente da 75/18 Assault Gun
Selects Strafing Run
Tiger Heavy Tank
Bersaglieri Squad
JEFG
Seocheon
Menty
Bego
0
0

Comments sign in to comment!

No comments posted yet!